 Dungeon Crawl Stone Soup version 0.26-a0-683-g5206c1d7ac (webtiles) character file.

Game seed: 2277872693413740502

35 Rohain the Slasher (level 3, 0/27 HPs)
             Began as a Demonspawn Gladiator on Oct 22, 2020.
             Killed from afar by a jackal (27 damage)
             ... with an exploding inner flame
             ... hexed by the player character
             ... on level 1 of the Dungeon.
             The game lasted 00:01:17 (445 turns).

Rohain the Slasher (Demonspawn Gladiator)            Turns: 445, Time: 00:01:19

Health: 0/27       AC:  9    Str: 15    XL:     3   Next: 17%
Magic:  3/3        EV: 13    Int:  9    God:
Gold:   12         SH:  0    Dex: 14    Spells: 2/2 levels left

rFire    . . .     SeeInvis .   a - +0 long sword
rCold    + . .     Faith    .   (no shield)
rNeg     . . .     Spirit   .   b - +0 leather armour
rPois    .         Reflect  .   c - +0 helmet
rElec    .         Harm     .   (no cloak)
rCorr    .         Rampage  .   f - +1 pair of gloves
MR       .....                  m - +0 pair of boots
Stlth    +.........             (no amulet)
HPRegen  0.09/turn              (no ring)
MPRegen  0.08/turn              (no ring)

@: no status effects
A: thin metallic scales 1, cold resistance 1
a: no special abilities


You were on level 1 of the Dungeon.
You visited 1 branch of the dungeon, and saw 1 of its levels.

You collected 12 gold pieces.

Inventory:

Hand Weapons
 a - a +0 long sword (weapon)
Missiles
 d - 3 throwing nets (quivered)
Armour
 b - a +0 leather armour (worn)
 c - a +0 helmet (worn)
 f - a +1 pair of gloves (worn)
 m - a +0 pair of boots (worn)
Jewellery
 e - an uncursed amulet of the acrobat {unknown}
Scrolls
 g - a scroll of immolation
 h - a scroll of random uselessness {unknown}
 j - a scroll of enchant armour {unknown}
 l - a scroll of magic mapping {unknown}
 o - a scroll of teleportation {unknown}
Potions
 i - a potion of might {unknown}
 k - a potion of curing {unknown}
 n - a potion of heal wounds {unknown}


   Skills:
 + Level 2.3 Fighting
 + Level 3.2 Long Blades
 + Level 2.0 Throwing
 - Level 0.1 Armour
 + Level 3.1 Dodging


You had 2 spell levels left.
You didn't know any spells.
Your spell library was empty.

Dungeon Overview and Level Annotations

Branches:
Dungeon (1/15)

Altars:


Innate Abilities, Weirdness & Mutations

You are partially covered in thin metallic scales. (AC +2)
Your flesh is cold resistant. (rC+)


Message History

The jackal barks!
You hear a bark!
A jackal comes into view.
The jackal barks!
There are monsters nearby!
There are monsters nearby!
As you read the scroll labeled KEVVIM QODDUFO, it crumbles to dust.
The creatures around you are filled with an inner flame!
It was a scroll of immolation.
You hear a bark!
A jackal comes into view.
The jackal misses you.
You riposte.
You barely miss the jackal.
A jackal comes into view.
The jackal bites you but does no damage.
You hit the jackal.
The jackal explodes!
The fiery explosion engulfs the jackal!!
You kill the jackal!
The fiery explosion engulfs you!!
Ouch! That really hurt!
You die... #.##..##. #.##### .. .# #.# ##.###.### .# #........ ....... hh...

§§§ # #§# ###.. #@#
#####....# #.# ......#
#.#### ....## #....######
###..###########.........##
# ##......(†...#....####..#
# ###########..).........#
# ##.†....###..# #
#))###.#.#..##


You could see 2 jackals.

Vanquished Creatures
  2 dart slugs (D:1)
  A leopard gecko (D:1)
  A giant cockroach (D:1)
  4 goblins (D:1)
  A hobgoblin (D:1)
  4 jackals (D:1)
  4 kobolds (D:1)
  A ball python (D:1)
  5 frilled lizards (D:1)
  9 rats (D:1)
32 creatures vanquished.

Notes
Turn   | Place    | Note
-------+----------+-------------------------------------------
     0 | D:1      | Rohain the Demonspawn Gladiator began the quest for the
                  | Orb.
     0 | D:1      | Reached XP level 1. HP: 16/16 MP: 1/1
    56 | D:1      | Gained mutation: You are partially covered in thin metallic
                  | scales. (AC +2) [demonic ancestry]
    56 | D:1      | Reached XP level 2. HP: 21/22 MP: 2/2
   353 | D:1      | Gained mutation: Your flesh is cold resistant. (rC+)
                  | [demonic ancestry]
   353 | D:1      | Reached XP level 3. HP: 27/27 MP: 3/3
   445 | D:1      | Killed from afar by a jackal

Illustrated notes

Levels and vault maps discovered:
D:1:      minmay_arrival_four_houses, layout_rooms, minmay_heptomino_o4

Skill      XL: |  1  2 |
---------------+-------+-----
Long Blades    | 3 |  3.2
Dodging        | 3 |  3.1
Throwing       | 2 |  2.0
Fighting       | |  2.3
Armour         | |  0.1

Action                   || total
-------------------------++-------
Melee: Long sword        ||    60
  Use: Scroll            ||     1
Armor: Leather armour    ||    24
Dodge: Dodged            ||    62
       Rpst.: Long sword ||    27

Table legend: (Time is in decaauts)
 A = Elapsed time spent in this place.
 B = Non-inter-level travel time spent in this place.
 C = Inter-level travel time spent in this place.
 D = Time resting spent in this place.
 E = Time spent auto-exploring this place.
 F = Levels seen in this place.
 G = Mean time per level.
                   A        B        C        D        E       F      G
               +--------+--------+--------+--------+--------+-----+--------+
         Total |    460 |    460 |      0 |     59 |    233 |   1 |  460.0 |
       Dungeon |    460 |    460 |      0 |     59 |    233 |   1 |  460.0 |
               +--------+--------+--------+--------+--------+-----+--------+

Top non-repeatable levels by time:
     D:1: 460 daAuts
